Map: Deathaura LE

Players

ViBE - Winner!

  • Race: Zerg Zerg
  • League: Gold
  • Spawn Location: 11:00

smitme

  • Race: Protoss Protoss
  • League: Master
  • Spawn Location: 5:00

VOD

Have the link to the VOD?

Description

Time

  • Played on: March 20, 2021, 8:01 p.m.
  • Length: 6:20
Show
View Real Time Build Order
Export as new Build Order

ViBE Zerg - Winner!

Build Orders: Hatch First 

Get SALT Encoding   

  12  0:00  Drone  
  13  0:13  Overlord  
  13  0:17  Drone  
  14  0:32  Drone x2  
  16  0:49  Hatchery  
  15  0:54  Drone  
  15  0:56  Drone  
  17  1:00  Drone  
  18  1:13  Spawning Pool  
  18  1:17  Drone  
  18  1:24  Drone  
  19  1:31  Drone  
  20  1:35  Extractor  
  19  1:47  Overlord  
  19  1:56  Drone  
  19  2:00  Queen  
  19  2:01  Queen  
  22  2:03  Drone x2  
  26  2:12  Drone  
  26  2:13  Drone  
  28  2:25  Spine Crawler  
  27  2:34  Drone x4  
  31  2:38  Queen  
  31  2:40  Lair  
  33  2:45  Drone  
  33  2:46  Drone  
  35  2:56  Overlord x2  
  35  3:05  Roach Warren  
  34  3:08  Drone, Evolution Chamber  
  34  3:15  Drone x2  
  34  3:16  Drone x2  
  34  3:18  Drone  
  39  3:20  Drone  
  39  3:23  Drone  
  39  3:24  Drone  
  42  3:28  Drone  
  43  3:34  Drone  
  43  3:35  Extractor  
  43  3:36  Extractor  
  43  3:41  Drone  
  43  3:45  Drone x4  
  43  3:47  Drone  
  48  3:51  Glial Reconstitution  
  48  3:53  Zerg Missile Weapons Level 1  
  48  4:02  Roach x2  
  52  4:03  Overlord x2  
  52  4:23  Roach x4  
  58  4:32  Roach  
  58  4:33  Roach x4  
  58  4:36  Overlord x2  
  60  4:49  Roach x3  
  60  5:02  Drone x7  
  67  5:18  Hatchery  
  66  5:24  Overlord  
  66  5:25  Overlord  
  66  5:29  Drone  
  66  5:30  Drone x6  
  73  5:37  Queen  
  75  5:46  Drone  
  75  5:47  Drone x3  
  79  5:55  Roach  
Show
View Real Time Build Order
Export as new Build Order

smitme Protoss 

Build Orders: Mass Adepts 

Get SALT Encoding   

  12  0:00  Probe  
  13  0:16  Pylon  
  13  0:18  Probe  
  14  0:34  Gateway  
  14  0:37  Probe (Chrono Boost)  
  15  0:49  Probe (Chrono Boost), Assimilator  
  16  0:54  Probe (Chrono Boost)  
  17  0:57  Assimilator  
  17  1:03  Probe  
  18  1:11  Gateway  
  18  1:19  Pylon  
  18  1:21  Probe  
  19  1:31  Cybernetics Core  
  19  1:35  Probe  
  20  1:47  Probe  
  21  2:00  Probe  
  22  2:05  Warp Gate (Chrono Boost)  
  22  2:12  Probe  
  25  2:15  Adept  
  25  2:19  Adept  
  25  2:21  Pylon  
  27  2:32  Probe  
  28  2:42  Pylon  
  28  2:50  Adept x2  
  32  3:01  Gateway  
  32  3:09  Gateway  
  32  3:21  Gateway  
  32  3:48  Twilight Council  
  32  3:51  Pylon  
  32  3:52  Pylon  
  32  4:04  Adept  
  32  4:05  Adept x2  
  32  4:06  Adept  
  38  4:45  Adept x2  
  40  4:47  Adept  
  40  4:48  Adept x2  
  34  5:07  Stalker x2  
  34  5:08  Stalker  
  34  5:11  Stalker  
  34  5:12  Stalker  
  44  5:25  Pylon  
  44  5:36  Stalker x2  
Tags
 
Composition
Mass Adepts
Matchup
PvZ
Player
ViBE
Replay Pack
Gold_League
Spawn Locations
Cross Positions
Add a new tag
Caveats
  • Supply blocks, unpowered buildings, or Contaminate may cause inaccurate times.
  • Supply counts are checked every 10 seconds.